 Dungeon Crawl Stone Soup version 0.31-a0-174-g85c54bcb58 (webtiles) character file.

Game seed: 16425572308173631371

65 qw the Shooter (level 4, -2/39 HPs)
             Began as a Naga Hunter on June 15, 2023.
             Slain by Pargi (6 damage)
             ... on level 2 of the Dungeon.
             The game lasted 00:00:27 (1450 turns).

qw the Shooter (Naga Hunter)                        Turns: 1450, Time: 00:00:28

Health: -2/39      AC:  2    Str: 14    XL:     4   Next: 14%
Magic:  4/4        EV:  9    Int:  9    God:
Gold:   141        SH:  0    Dex: 16    Spells: 3/3 levels left

rFire   . . .        Y - +0 shortbow
rCold   . . .        (shield currently unavailable)
rNeg    . . .        c - +0 leather armour
rPois   +            (no helmet)
rElec   .            (no cloak)
rCorr   .            (no gloves)
SInv    +            (no barding)
Will    .....        (no amulet)
Stlth   ++           (no ring)
HPRegen 0.26/turn    (no ring)
MPRegen 0.09/turn

%: no passive effects
@: short of breath, very slow
A: AC +1, large, see invisible, deformed body, poison resistance, slowness 2,
spit poison 1, naga tail 1
a: Spit Poison


You were on level 2 of the Dungeon.
You visited 1 branch of the dungeon, and saw 3 of its levels.

You collected 141 gold pieces.


Innate Abilities, Weirdness & Mutations

Your serpentine skin is tough. (AC +1)
You have supernaturally acute eyesight. (SInv)
Armour fits poorly on your strangely shaped body.
Your system is resistant to poisons. (rPois)
You cover ground very slowly.
You can spit poison.
You have a snake-like lower body.


   Skills:
 + Level 2.0 Fighting
 - Level 5.1 Ranged Weapons
 - Level 1.5 Dodging
 - Level 1.5 Stealth


You had 3 spell levels left.
You didn't know any spells.
Your spell library was empty.

Inventory:

Hand Weapons
 Y - a +0 shortbow (weapon)
Armour
 c - a +0 leather armour (worn)
Potions
 d - a potion of invisibility {unknown}
 f - a potion of curing
 g - a potion of heal wounds {unknown}
 j - a potion of attraction {unknown}

Dungeon Overview and Level Annotations

Branches:
Dungeon (3/15)

Altars:

Annotations:
D:2 Pargi


Message History

Enter note:
Enter note:
Enter note:
Enter note:
Enter note:
Enter note:
Enter note:
Enter note:
Enter note:
Enter note:
1443 ||| INVOKING Spit Poison.
Aiming: Spit Poison (1% risk of failure)
Press: ? - help, Shift-Dir - straight line, f - Pargi The splash of poison hits Pargi.
Pargi looks even sicker.
Pargi is moderately wounded.
Pargi closely misses you. Pargi claws you. x2
You shoot an arrow. The arrow closely misses Pargi.
Pargi bites you but does no damage. Pargi claws you.
Pargi claws you but does no damage.
You shoot an arrow. The arrow closely misses Pargi.
Pargi bites you. Pargi closely misses you. Pargi claws you.
You shoot an arrow. The arrow closely misses Pargi.
You have got your breath back.
Pargi misses you. Pargi claws you. x2
1447 ||| INVOKING Spit Poison.
Aiming: Spit Poison (1% risk of failure)
Press: ? - help, Shift-Dir - straight line, f/p - Pargi The splash of poison hits Pargi!
Pargi looks even sicker.
Pargi is heavily wounded.
Pargi barely misses you. Pargi claws you. Pargi barely misses you.
You shoot an arrow.
The arrow hits Pargi but does no damage.
Pargi is heavily wounded.
Pargi bites you. Pargi barely misses you. Pargi closely misses you.
You shoot an arrow. The arrow hits Pargi.
Pargi is almost dead.
Pargi bites you! Pargi barely misses you. x2
You shoot an arrow. The arrow barely misses Pargi.
Pargi bites you.
You die...

#.#.####...#########..####.#.####
#......#.8.# #...............>...
###?####...###.}...#...<.....###.
#.#..............#..####.####.#
#.#.<........###.........#####.
#.#..........# #.#.........# ##
#.####.......#############)# #.#
#..........#### ####.####
#.####........@T#..# #.......#
#...............##.# #.......#
##...}.###...#####.# #.......#
#.....# #.8.# #.#.# #.......#
####### #...# #.#.# #.......#
#######.#.# #.......# #......#
#.......# ####.### #########
####.####


You could see Pargi (very poisoned).

Vanquished Creatures
  Jessica (D:3)
  An adder (D:2)
  2 worms (D:2)
  An endoplasm (D:1)
  2 giant cockroaches (D:2)
  A goblin (D:2)
  3 kobolds (D:2)
  A quokka (D:2)
  2 ball pythons (D:1)
  7 bats
  A frilled lizard (D:2)
  5 rats
27 creatures vanquished.

Notes
Turn   | Place    | Note
-------+----------+-------------------------------------------
     0 | D:1      | qw the Naga Hunter began the quest for the Orb.
     0 | D:1      | Reached XP level 1. HP: 19/19 MP: 1/1
     0 | D:1      | 0 ||| qw: Version: 0.2-a-29-g511e9b1
     0 | D:1      | 0 ||| qw: Game counter: 5411
     0 | D:1      | 0 ||| qw: Always use a shield: true
     0 | D:1      | 0 ||| qw: God list: Okawaru
     0 | D:1      | 0 ||| qw: Allow faded altars: false
     0 | D:1      | 0 ||| qw: Do Orc after D:15 true
     0 | D:1      | 0 ||| qw: Do second Lair branch before Depths: true
     0 | D:1      | 0 ||| qw: Lair rune preference: random
     0 | D:1      | 0 ||| qw: Plans: Normal
     0 | D:1      | 0 ||| PLANNING D:1-11
    43 | D:1      | 43 ||| INVOKING Spit Poison.
    48 | D:1      | 48 ||| INVOKING Spit Poison.
    63 | D:1      | 63 ||| INVOKING Spit Poison.
   145 | D:1      | 145 ||| INVOKING Spit Poison.
   271 | D:1      | 271 ||| INVOKING Spit Poison.
   291 | D:1      | Reached skill level 4 in Ranged Weapons
   291 | D:1      | Reached XP level 2. HP: 26/26 MP: 2/2
   299 | D:1      | 299 ||| INVOKING Spit Poison.
   435 | D:1      | 435 ||| INVOKING Spit Poison.
   436 | D:1      | 436 ||| INVOKING Spit Poison.
   670 | D:1      | 670 ||| READING 3 scrolls labelled ROPEXA BEASEHOM.
   671 | D:1      | 671 ||| DROPPING 2 scrolls of vulnerability.
   672 | D:1      | 672 ||| DROPPING scroll of butterflies.
   680 | D:2      | 680 ||| INVOKING Spit Poison.
   685 | D:2      | 685 ||| INVOKING Spit Poison.
   720 | D:2      | 720 ||| INVOKING Spit Poison.
   726 | D:2      | 726 ||| INVOKING Spit Poison.
   752 | D:2      | 752 ||| INVOKING Spit Poison.
   946 | D:2      | 946 ||| INVOKING Spit Poison.
   949 | D:2      | 949 ||| INVOKING Spit Poison.
   978 | D:2      | 978 ||| INVOKING Spit Poison.
   979 | D:2      | 979 ||| INVOKING Spit Poison.
   984 | D:2      | 984 ||| INVOKING Spit Poison.
   985 | D:2      | Reached XP level 3. HP: 31/32 MP: 3/3
   995 | D:2      | 995 ||| INVOKING Spit Poison.
  1078 | D:2      | 1078 ||| INVOKING Spit Poison.
  1150 | D:2      | 1150 ||| INVOKING Spit Poison.
  1186 | D:2      | 1186 ||| INVOKING Spit Poison.
  1269 | D:2      | 1269 ||| INVOKING Spit Poison.
  1306 | D:2      | 1306 ||| INVOKING Spit Poison.
  1312 | D:2      | 1312 ||| INVOKING Spit Poison.
  1402 | D:2      | 1402 ||| READING scroll labelled KAWNOAROWI.
  1403 | D:2      | 1403 ||| READING scroll labelled NOTESS QEAHIFO.
  1408 | D:2      | 1408 ||| READING scroll labelled YJISSO OSISSA.
  1409 | D:2      | 1409 ||| READING 2 scrolls labelled MIDWEI UPTUL.
  1410 | D:2      | 1410 ||| READING scroll labelled SUNAFE KABAASCH.
  1411 | D:2      | 1411 ||| DRINKING 2 dark potions.
  1412 | D:2      | 1412 ||| DROPPING scroll of noise.
  1433 | D:3      | Noticed Jessica
  1434 | D:3      | 1434 ||| INVOKING Spit Poison.
  1434 | D:3      | Noticed Pargi
  1436 | D:3      | Killed Jessica
  1437 | D:3      | Reached skill level 5 in Ranged Weapons
  1437 | D:3      | Reached XP level 4. HP: 39/39 MP: 4/4
  1437 | D:3      | 1437 ||| INVOKING Spit Poison.
  1441 | D:3      | 1441 ||| STAIRDANCE
  1443 | D:2      | 1443 ||| INVOKING Spit Poison.
  1447 | D:2      | 1447 ||| INVOKING Spit Poison.
  1449 | D:2      | HP: 4/39 [Pargi (8)]
  1450 | D:2      | Slain by Pargi

Levels and vault maps discovered:
D:1:      doesnt_arrival_eight_statues, layout_basic
D:2:      layout_loops_cross, st_stairs_12, nicolae_elevator_lobby_asterisk
D:3:      layout_rooms, mainiacjoe_overflow_cross_hatched,
          minmay_overflow_temple_hex, lightli_temple_of_fire, uniq_robin,
          uniq_jessica, uniq_pargi, uniq_natasha

Skill      XL: |  1  2  3 |
---------------+----------+-----
Ranged Weapons | 4 5 |  5.1
Fighting       | |  2.0
Dodging        | |  1.5
Stealth        | |  1.5

Action                     |  1- 3 |  4- 6 || total
---------------------------+-------+-------++-------
   Fire: Shortbow          |    48 |     9 ||    57
Ability: Spit Poison       |    24 |     3 ||    27
    Use: Scroll            |     6 |       ||     6
         Potion            |     1 |       ||     1
 Armour: Leather armour    |     7 |     3 ||    10
  Dodge: Dodged            |    14 |    10 ||    24

Table legend:
 A = Non-vault XP
 B = Vault XP
 C = Vault XP percentage of total XP
 D = Non-vault monster count
 E = Vault monster count
 F = Vault count percentage of total count
                 A         B        C        D         E       F
            +---------+---------+-------+---------+---------+-------
      Total |      55 |      39 |  41.5 |      25 |       2 |   7.4
            +---------+---------+-------+---------+---------+-------
        D:1 |      13 |       0 |   0.0 |      10 |       0 |   0.0
        D:2 |      42 |       2 |   4.5 |      15 |       1 |   6.2
        D:3 |       0 |      37 | 100.0 |       0 |       1 | 100.0
            +---------+---------+-------+---------+---------+-------
